 Dungeon Crawl Stone Soup version 0.19.0-22-gd96e5fe (webtiles) character file.

175 vev the Chopper (level 5, -3/45 HPs)
             Began as a Hill Orc Gladiator on Nov 19, 2016.
             Slain by an ice beast (4 damage)
             ... on level 3 of the Dungeon.
             The game lasted 00:01:39 (1600 turns).

vev the Chopper (Hill Orc Gladiator)                Turns: 1600, Time: 00:01:40

Health: -3/45      AC:  7    Str: 18    XL:     5   Next: 55%
Magic:  5/5        EV: 11    Int:  8    God:
Gold:   132        SH:  0    Dex: 12    Spells: 0 memorised, 4 levels left

rFire  . . .     SeeInvis .     a - +0 war axe
rCold  . . .     Gourm    .     k - +0 scale mail (curse)
rNeg   . . .     Faith    .     (no shield)
rPois  .         Spirit   .     c - +0 helmet
rElec  .         Reflect  .     (no cloak)
rCorr  .         Harm     .     (no gloves)
MR     .....                    (no boots)
Stlth  ..........               (no amulet)
                                (no ring)
                                n - ring of wizardry

@: no status effects
A: no striking features
a: no special abilities


You were on level 3 of the Dungeon.
You were hungry.

You visited 1 branch of the dungeon, and saw 3 of its levels.

You collected 132 gold pieces.

Inventory:

Hand Weapons
 a - a +0 war axe (weapon)
Missiles
 d - 3 throwing nets (quivered)
Armour
 b - a +0 leather armour
 c - a +0 helmet (worn)
 k - a cursed +0 scale mail (worn)
Jewellery
 n - a ring of wizardry (left hand)
 s - an uncursed ring of poison resistance {unknown}
Scrolls
 e - a scroll of teleportation {unknown}
 h - 3 scrolls of remove curse {unknown}
 j - a scroll of fear {unknown}
 m - 3 scrolls of enchant armour {unknown}
Potions
 g - a potion of haste {unknown}
 l - a potion of resistance {unknown}
 p - a potion of agility {unknown}
 q - a potion of invisibility {unknown}
 r - a potion of heal wounds {unknown}
Comestibles
 f - 4 bread rations
 i - 2 chunks of flesh
 o - 2 slices of pizza
 t - a meat ration


   Skills:
 + Level 3.4 Fighting
 * Level 6.1 Axes
 - Level 1.7 Throwing
 + Level 2.5 Armour
 + Level 2.9 Dodging


You had 4 spell levels left.
You didn't know any spells.

Dungeon Overview and Level Annotations

Branches:
Dungeon (3/15)

Altars:
Fedhas
Kikubaaqudgha


Message History

You completely miss the ice beast.
The ice beast is almost dead.
The ice beast hits you but does no damage.
You barely miss the ice beast.
The ice beast is almost dead.
The ice beast hits you.
* * * LOW HITPOINT WARNING * * *
The ice beast freezes you!
* * * LOW HITPOINT WARNING * * *
The ice beast hits you but does no damage.
You completely miss the ice beast.
The ice beast is almost dead.
The ice beast barely misses you.
You barely miss the ice beast.
The ice beast is almost dead.
The ice beast barely misses you.
You barely miss the ice beast.
The ice beast is almost dead.
The ice beast hits you.
You die...

#... #..# ###.
#.. ..... #..
##### #.. #.#
#.# #Y# #@#
#.#############
#.............#
#############.#
#.# #.# #.####
#..... ######


You could see an ice beast.

Vanquished Creatures
  An orc wizard (D:3)
  Natasha (thrice) (D:2)
  An adder (D:2)
  4 dart slugs
  A leopard gecko (D:1)
  4 orcs (D:3)
  6 bats
  4 giant cockroaches
  5 goblins
  2 hobgoblins
  8 jackals
  8 kobolds
  A quokka (D:2)
  4 frilled lizards (D:1)
  7 rats
59 creatures vanquished.

Notes
Turn   | Place    | Note
-------+----------+-------------------------------------------
     0 | D:1      | vev the Hill Orc Gladiator began the quest for the Orb.
     0 | D:1      | Reached XP level 1. HP: 18/18 MP: 1/1
    72 | D:1      | Reached XP level 2. HP: 25/25 MP: 2/2
   107 | D:1      | Reached skill level 1 in Armour
   256 | D:1      | Reached XP level 3. HP: 19/30 MP: 3/3
   734 | D:2      | Noticed Natasha
   739 | D:2      | Killed Natasha
   739 | D:2      | Reached skill level 5 in Axes
   739 | D:2      | Reached XP level 4. HP: 31/37 MP: 4/4
   858 | D:2      | Found a blossoming altar of Fedhas.
   880 | D:2      | Noticed Natasha
   886 | D:2      | Killed Natasha
   886 | D:2      | Reached skill level 3 in Fighting
   886 | D:2      | Reached skill level 2 in Armour
   987 | D:2      | Noticed Natasha
   998 | D:2      | Killed Natasha
   998 | D:2      | Reached XP level 5. HP: 43/45 MP: 5/5
  1267 | D:2      | Found an ancient bone altar of Kikubaaqudgha.
  1322 | D:3      | Reached skill level 6 in Axes
  1585 | D:3      | Noticed an ice beast
  1597 | D:3      | HP: 1/45 [ice beast (10)]
  1600 | D:3      | Slain by an ice beast

Skill      XL: |  1  2  3  4  5 |
---------------+----------------+-----
Armour         | 1 2 |  2.5
Axes           | 5 6 |  6.1
Fighting       | 3 |  3.4
Throwing       | |  1.7
Dodging        | |  2.9

Action                   |  1- 3 |  4- 6 || total
-------------------------+-------+-------++-------
Melee: War axe           |    82 |    96 ||   178
  Eat: Chunk             |       |     2 ||     2
Armor: Leather armour    |    25 |       ||    25
       Scale mail        |    36 |    43 ||    79
Dodge: Dodged            |    60 |    52 ||   112
